 Dungeon Crawl Stone Soup version 0.22-a0-42-g002c468 (webtiles) character file.

1332 tidbits the Grave Robber (level 8, 0/58 HPs)
             Began as a Gnoll Necromancer on Jan 5, 2018.
             Killed by nerve-wracking pain
             ... invoked by a shadow imp
              (3 damage)
             ... on level 5 of the Dungeon.
             The game lasted 00:17:09 (2090 turns).

tidbits the Grave Robber (Gnoll Necromancer)        Turns: 2090, Time: 00:17:09

Health: 0/58       AC:  6    Str: 12    XL:     8   Next: 61%
Magic:  5/17       EV: 15    Int: 19    God:
Gold:   132        SH:  0    Dex: 15    Spells: 2/19 levels left

rFire    . . .     SeeInvis .   u - +1 flail
rCold    + . .     Gourm    .   (no shield)
rNeg     . . .     Faith    .   a - +0 robe
rPois    +         Spirit   .   (no helmet)
rElec    .         Reflect  .   C - +0 cloak
rCorr    .         Harm     .   G - +2 pair of gloves
MR       .....                  (no boots)
Stlth    +++.......             (no amulet)
HPRegen  0.19/turn              j - ring of protection from cold
MPRegen  0.15/turn              P - ring of poison resistance

@: no status effects
A: distributed training, fangs 1, strong nose
a: no special abilities


You were on level 5 of the Dungeon.
You were not hungry.

You visited 2 branches of the dungeon, and saw 9 of its levels.

You collected 132 gold pieces.

Inventory:

Hand Weapons
 d - a +0 dagger
 f - a +0 spear
 k - a +0 flail
 q - a +0 hunting sling
 u - a +1 flail (weapon)
 A - a +0 short sword
Missiles
 s - 3 throwing nets (quivered) {!f}
 F - 30 sling bullets
Armour
 a - a +0 robe (worn)
 C - a +0 cloak (worn)
 G - a +2 pair of gloves (worn)
Magical Staves
 z - an uncursed staff of power {unknown}
   (You found it on level 7 of the Dungeon)
Jewellery
 j - a ring of protection from cold (left hand)
   (You found it on level 2 of the Dungeon)
 P - a ring of poison resistance (right hand)
   (You found it on level 6 of the Dungeon)
Wands
 w - a wand of iceblast (4)
 I - a wand of digging (6)
 J - a wand of polymorph (17)
 K - a wand of scattershot (4)
 M - a wand of random effects (25)
Scrolls
 e - a scroll of teleportation
 h - a scroll of blinking
 l - a scroll of fog
 m - a scroll of fear
 t - a scroll of remove curse
 y - 3 scrolls of amnesia
 E - a scroll of random uselessness
 L - a scroll of enchant weapon
Potions
 i - a potion of agility {unknown}
 o - a potion of magic {unknown}
 p - 3 potions of curing
 r - a potion of resistance {unknown}
 x - a potion of ambrosia {unknown}
 B - a potion of berserk rage {unknown}
 H - a potion of brilliance
 N - a potion of flight
Books
 b - a book of Necromancy

   Spells                             Type                      Level
   a - Pain                           Necromancy                   1
   b - Animate Skeleton               Necromancy                   1
   c - Vampiric Draining              Necromancy                   3
   d - Regeneration                   Charms/Necromancy            3
   e - Animate Dead                   Necromancy                   4
   f - Borgnjor's Vile Clutch         Necromancy/Earth             5
 v - a book of Air
   (You found it on level 7 of the Dungeon)

   Spells                             Type                      Level
   a - Shock                          Conjuration/Air              1
   b - Swiftness                      Charms/Air                   2
   c - Static Discharge               Conjuration/Air              3
   d - Airstrike                      Air                          4
   e - Lightning Bolt                 Conjuration/Air              5
Comestibles
 c - 15 rations


   Skills:
 + Level 3.3 Fighting
 + Level 3.3 Short Blades
 + Level 3.3 Long Blades
 + Level 3.3 Axes
 + Level 3.3 Maces & Flails
 + Level 3.3 Polearms
 + Level 3.3 Staves
 + Level 3.3 Slings
 + Level 3.3 Bows
 + Level 3.3 Crossbows
 + Level 3.3 Throwing
 + Level 3.3 Armour
 + Level 5.7 Dodging
 + Level 5.4 Stealth
 + Level 3.3 Shields
 + Level 3.3 Unarmed Combat
 + Level 6.1 Spellcasting
 + Level 2.7 Conjurations
 + Level 2.7 Hexes
 + Level 2.7 Charms
 + Level 2.7 Summonings
 + Level 7.7 Necromancy
 + Level 2.7 Translocations
 + Level 2.7 Transmutations
 + Level 2.7 Fire Magic
 + Level 2.7 Ice Magic
 + Level 2.7 Air Magic
 + Level 2.7 Earth Magic
 + Level 2.7 Poison Magic
 + Level 3.7 Invocations
 + Level 3.3 Evocations


You had 2 spell levels left.
You knew the following spells:

 Your Spells              Type           Power        Failure   Level  Hunger
a - Pain                  Necr           ####         1%          1    None
d - Vampiric Draining     Necr           #####.....   1%          3    ##.....
n - Animate Skeleton      Necr           N/A          1%          1    None
r - Regeneration          Chrm/Necr      ####......   3%          3    ##.....
v - Borgnjor's Vile Clut  Necr/Erth      ####......   34%         5    #####..
N - Animate Dead          Necr           N/A          4%          4    ####...


Dungeon Overview and Level Annotations

Branches:
Dungeon (8/15)             Temple (1/1) D:4
   Lair: D:8-11

Altars:
Dithmenos
Fedhas
Gozag
Hepliaklqana
Kikubaaqudgha
Makhleb
Nemelex Xobeh
Okawaru
Qazlal
Ru
Sif Muna
Trog
Uskayaw
Vehumet
Xom
Yredelemnul
Zin
The Shining One


Innate Abilities, Weirdness & Mutations

Your experience applies equally to all skills.
You have very sharp teeth.
Your uncanny sense of smell can sniff out nearby items.


Message History

Aiming: Pain
Press: ? - help, Shift-Dir - straight line, f - rat
Aim: a rat (chance to defeat MR: 93%)
You feel a bit more experienced.
Nothing appears to happen.
The rat bites you.
You barely miss the rat.
The rat twitches its whiskers.
The rat closely misses you.
You thump the rat!
You kill the rat!
You eat one of the 16 rations.
That ration really hit the spot!
A rat comes into view.
A river rat comes into view.
The rat completely misses you.
Found a scroll of teleportation.
You hit the rat.
You kill the rat!
The river rat twitches its whiskers.
A shadow imp comes into view.
The shadow imp shouts!
You hit the river rat. Your bite misses the river rat.
The river rat is severely wounded.
The river rat bites you!
A river rat and a zombie come into view.
You hit the river rat but do no damage.
The river rat is severely wounded.
The river rat moves out of view.
The river rat bites you.
You hit the river rat.
The river rat is almost dead.
The bullfrog zombie hits you. The river rat bites you.
* * * LOW HITPOINT WARNING * * *
You hit the river rat.
You kill the river rat!
The bullfrog zombie barely misses you. x2; The river rat barely misses you.
You closely miss the river rat.
You bite the river rat, but do no damage.
The bullfrog zombie hits you but does no damage.
The river rat bites you!
* * * LOW HITPOINT WARNING * * *
The bullfrog zombie misses you.
You barely miss the bullfrog zombie. The bullfrog zombie barely misses you.
The river rat closely misses you.
You hit the bullfrog zombie.
The bullfrog zombie is lightly damaged.
The bullfrog zombie barely misses you. The river rat misses you.
The bullfrog zombie barely misses you.
You hit the bullfrog zombie. You bite the bullfrog zombie.
The bullfrog zombie is moderately damaged.
The river rat misses you. The bullfrog zombie hits you.
* * * LOW HITPOINT WARNING * * *
The river rat bites you.
* * * LOW HITPOINT WARNING * * *
You sock the bullfrog zombie!
The bullfrog zombie is heavily damaged.
The bullfrog zombie hits you.
* * * LOW HITPOINT WARNING * * *
The bullfrog zombie misses you. The river rat bites you.
* * * LOW HITPOINT WARNING * * *
You thump the bullfrog zombie!
The bullfrog zombie is almost destroyed.
The bullfrog zombie hits you but does no damage.
The river rat closely misses you.
You feel much better.
The bullfrog zombie hits you but does no damage.
The river rat bites you!
* * * LOW HITPOINT WARNING * * *
The bullfrog zombie hits you.
* * * LOW HITPOINT WARNING * * *
You closely miss the bullfrog zombie. You bite the bullfrog zombie.
The bullfrog zombie is almost destroyed.
The river rat bites you.
* * * LOW HITPOINT WARNING * * *
The bullfrog zombie completely misses you.
You sock the bullfrog zombie!
You destroy the bullfrog zombie!
The river rat bites you but does no damage.
You sock the river rat!
The river rat is almost dead.
The river rat barely misses you. The river rat misses you.
Casting: Pain
Confirm with . or Enter, or press ? or * to list all spells.
Aiming: Vampiric Draining
Press: ? - help, Shift-Dir - straight line, f - river rat
Aim: a river rat (almost dead)
You kill the river rat!
You feel life coursing into your body. The shadow imp closely misses you.
Things that are here:
a river rat corpse; a rat corpse You hit the shadow imp but do no damage.
The shadow imp hits you but does no damage.
The shadow imp misses you.
You barely miss the shadow imp. The shadow imp gestures at you.
Pain shoots through your body!
* * * LOW HITPOINT WARNING * * *
You hit the shadow imp.
The shadow imp is heavily wounded.
The shadow imp gestures at you. Pain shoots through your body!
You die...

.####†# .#.)##
#.#.# #.#.#.#
##....# #
##.#...# ##.#
#.##..#.#
.#....##.#.##.#..
.?.....@##. ####.
.#......5.# #
#.........#
##........#
#.......##
######### ∆


You could see a shadow imp.

Vanquished Creatures
  An orc warrior (D:7)
  A sky beast (D:5)
  An ice beast (D:7)
  3 ogres
  A crocodile (D:8)
  2 bullfrogs (D:7)
  A howler monkey (D:7)
  A quasit (D:7)
  A bullfrog zombie (D:5)
  A jelly (D:7)
  4 hounds
  A centaur skeleton (D:5)
  An orc wizard (D:5)
  An iguana (D:5)
  The ghost of tidbits the Grave Robber, a weakling GnNe (D:5)
  A hound skeleton (D:7)
  A worker ant zombie (D:5)
  3 gnolls (D:5)
  6 adders
  5 river rats (D:5)
  A shadow imp (D:5)
  An ooze (D:2)
  A worm (D:3)
  A dart slug (D:1)
  3 leopard geckos
  9 orcs
  3 bats
  4 giant cockroaches
  A goblin (D:2)
  2 hobgoblins
  3 kobolds
  3 quokkas (D:5)
  A ball python (D:3)
  5 frilled lizards
  A quokka skeleton (D:4)
  9 rats
85 creatures vanquished.

Vanquished Creatures (collateral kills)
  A crimson imp (D:7)
  A worker ant zombie (D:7)
  An orc (D:7)
3 creatures vanquished.

Vanquished Creatures (others)
  4 toadstools (D:1)
4 creatures vanquished.

Grand Total: 92 creatures vanquished

Notes
Turn   | Place    | Note
-------+----------+-------------------------------------------
     0 | D:1      | tidbits the Gnoll Necromancer began the quest for the Orb.
     0 | D:1      | Reached XP level 1. HP: 13/13 MP: 6/6
   104 | D:2      | Reached XP level 2. HP: 8/19 MP: 5/7
   111 | D:2      | Learned a level 1 spell: Animate Skeleton
   177 | D:2      | Reached skill level 5 in Spellcasting
   177 | D:2      | Reached XP level 3. HP: 14/25 MP: 1/9
   182 | D:2      | Learned a level 3 spell: Regeneration
   186 | D:2      | Learned a level 3 spell: Vampiric Draining
   274 | D:2      | Found an ancient bone altar of Kikubaaqudgha.
   278 | D:2      | Found a shimmering altar of Xom.
   280 | D:2      | Found a sacrificial altar of Ru.
   284 | D:2      | Found a bloodstained altar of Trog.
   326 | D:2      | Reached skill level 1 in Invocations
   500 | D:1      | Reached skill level 1 in Fighting
   500 | D:1      | Reached skill level 1 in Short Blades
   500 | D:1      | Reached skill level 1 in Long Blades
   500 | D:1      | Reached skill level 1 in Axes
   500 | D:1      | Reached skill level 1 in Maces & Flails
   500 | D:1      | Reached skill level 1 in Polearms
   500 | D:1      | Reached skill level 1 in Staves
   500 | D:1      | Reached skill level 1 in Slings
   500 | D:1      | Reached skill level 1 in Bows
   500 | D:1      | Reached skill level 1 in Crossbows
   500 | D:1      | Reached skill level 1 in Throwing
   500 | D:1      | Reached skill level 1 in Armour
   500 | D:1      | Reached skill level 1 in Shields
   500 | D:1      | Reached skill level 1 in Unarmed Combat
   500 | D:1      | Reached skill level 1 in Evocations
   613 | D:3      | Reached XP level 4. HP: 14/32 MP: 7/11
   822 | D:5      | Entered Level 5 of the Dungeon
   866 | D:5      | Noticed an ogre
   870 | D:5      | Killed an ogre
   870 | D:5      | Reached skill level 1 in Conjurations
   870 | D:5      | Reached skill level 1 in Hexes
   870 | D:5      | Reached skill level 1 in Charms
   870 | D:5      | Reached skill level 1 in Summonings
   870 | D:5      | Reached skill level 1 in Translocations
   870 | D:5      | Reached skill level 1 in Transmutations
   870 | D:5      | Reached skill level 1 in Fire Magic
   870 | D:5      | Reached skill level 1 in Ice Magic
   870 | D:5      | Reached skill level 1 in Air Magic
   870 | D:5      | Reached skill level 1 in Earth Magic
   870 | D:5      | Reached skill level 1 in Poison Magic
   870 | D:5      | Reached XP level 5. HP: 16/37 MP: 7/12
   896 | D:5      | Noticed tidbits's ghost (weakling GnNe)
   927 | D:7      | Noticed an orc warrior
  1079 | D:7      | Reached skill level 2 in Invocations
  1079 | D:7      | Reached XP level 6. HP: 44/44 MP: 13/13
  1142 | D:7      | Noticed an ice beast
  1146 | D:7      | Killed an ice beast
  1146 | D:7      | Reached skill level 2 in Fighting
  1146 | D:7      | Reached skill level 2 in Short Blades
  1146 | D:7      | Reached skill level 2 in Long Blades
  1146 | D:7      | Reached skill level 2 in Axes
  1146 | D:7      | Reached skill level 2 in Maces & Flails
  1146 | D:7      | Reached skill level 2 in Polearms
  1146 | D:7      | Reached skill level 2 in Staves
  1146 | D:7      | Reached skill level 2 in Slings
  1146 | D:7      | Reached skill level 2 in Bows
  1146 | D:7      | Reached skill level 2 in Crossbows
  1146 | D:7      | Reached skill level 2 in Throwing
  1146 | D:7      | Reached skill level 2 in Armour
  1146 | D:7      | Reached skill level 5 in Dodging
  1146 | D:7      | Reached skill level 2 in Shields
  1146 | D:7      | Reached skill level 2 in Unarmed Combat
  1146 | D:7      | Reached skill level 2 in Evocations
  1160 | D:7      | Reached XP level 7. HP: 46/50 MP: 11/15
  1299 | D:7      | Reached skill level 2 in Conjurations
  1299 | D:7      | Reached skill level 2 in Hexes
  1299 | D:7      | Reached skill level 2 in Charms
  1299 | D:7      | Reached skill level 2 in Summonings
  1299 | D:7      | Reached skill level 2 in Translocations
  1299 | D:7      | Reached skill level 2 in Transmutations
  1299 | D:7      | Reached skill level 2 in Fire Magic
  1299 | D:7      | Reached skill level 2 in Ice Magic
  1299 | D:7      | Reached skill level 2 in Air Magic
  1299 | D:7      | Reached skill level 2 in Earth Magic
  1299 | D:7      | Reached skill level 2 in Poison Magic
  1469 | D:8      | Reached skill level 5 in Stealth
  1486 | D:7      | Reached skill level 3 in Invocations
  1555 | D:5      | Reached XP level 8. HP: 41/57 MP: 6/16
  1591 | D:5      | Killed tidbits's ghost
  1674 | D:4      | Learned a level 5 spell: Borgnjor's Vile Clutch
  1757 | D:5      | Found a shadowy altar of Dithmenos.
  1777 | D:5      | Reached skill level 3 in Fighting
  1777 | D:5      | Reached skill level 3 in Short Blades
  1777 | D:5      | Reached skill level 3 in Long Blades
  1777 | D:5      | Reached skill level 3 in Axes
  1777 | D:5      | Reached skill level 3 in Maces & Flails
  1777 | D:5      | Reached skill level 3 in Polearms
  1777 | D:5      | Reached skill level 3 in Staves
  1777 | D:5      | Reached skill level 3 in Slings
  1777 | D:5      | Reached skill level 3 in Bows
  1777 | D:5      | Reached skill level 3 in Crossbows
  1777 | D:5      | Reached skill level 3 in Throwing
  1777 | D:5      | Reached skill level 3 in Armour
  1777 | D:5      | Reached skill level 3 in Shields
  1777 | D:5      | Reached skill level 3 in Unarmed Combat
  1777 | D:5      | Reached skill level 3 in Evocations
  1798 | D:5      | Learned a level 4 spell: Animate Dead
  1822 | D:5      | Found a glowing golden altar of the Shining One.
  1859 | D:4      | Found a staircase to the Ecumenical Temple.
  1867 | Temple   | Entered the Ecumenical Temple
  2010 | D:5      | Reached skill level 6 in Spellcasting
  2089 | D:5      | HP: 3/58 [shadow imp/nerve-wracking pain (11)]
  2090 | D:5      | Killed from afar by a shadow imp

Vault maps used:
D:1:      ldierk_walled_garden_2
D:2:      grunt_temple_overflow_open, trog_three_pillars_becter
D:3:      minitemple, first_ration
D:4:      cheibrodos_quashed, minmay_temple_entry_butterflies,
          kennysheep_another_room, roderic_lattice_a
D:5:      lemuel_ratsnest, nicolae_overflow_crystal_walls, tso_metal_star,
          grunt_dithmenos_smoke, uniq_prince_ribbit1
D:6:      kennysheep_mini_moat
D:7:      grunt_ogre_cave
D:8:      serial_shops, shop_fountains, shop, lightli_corner_chamber
Temple:   eino_temple_water

Skill      XL: |  1  2  3  4  5  6  7  8 |
---------------+-------------------------+-----
Spellcasting   | 5 6 |  6.1
Invocations    | 1 2 3 |  3.7
Fighting       | 1 2 3 |  3.3
Short Blades   | 1 2 3 |  3.3
Long Blades    | 1 2 3 |  3.3
Axes           | 1 2 3 |  3.3
Maces & Flails | 1 2 3 |  3.3
Polearms       | 1 2 3 |  3.3
Staves         | 1 2 3 |  3.3
Slings         | 1 2 3 |  3.3
Bows           | 1 2 3 |  3.3
Crossbows      | 1 2 3 |  3.3
Throwing       | 1 2 3 |  3.3
Armour         | 1 2 3 |  3.3
Shields        | 1 2 3 |  3.3
Unarmed Combat | 1 2 3 |  3.3
Evocations     | 1 2 3 |  3.3
Conjurations   | 1 2 |  2.7
Hexes          | 1 2 |  2.7
Charms         | 1 2 |  2.7
Summonings     | 1 2 |  2.7
Translocations | 1 2 |  2.7
Transmutations | 1 2 |  2.7
Fire Magic     | 1 2 |  2.7
Ice Magic      | 1 2 |  2.7
Air Magic      | 1 2 |  2.7
Earth Magic    | 1 2 |  2.7
Poison Magic   | 1 2 |  2.7
Dodging        | 5 |  5.7
Stealth        | 5 |  5.4
Necromancy     | |  7.7

Action                   |  1- 3 |  4- 6 |  7- 9 || total
-------------------------+-------+-------+-------++-------
Melee: Dagger            |     3 |     8 |    21 ||    32
       Bite              |       |     3 |    19 ||    22
       Flail             |       |     4 |   149 ||   153
       Punch             |       |       |     2 ||     2
 Cast: Pain              |    39 |    24 |    31 ||    94
       Animate Skeleton  |     1 |     1 |     8 ||    10
       Vampiric Draining |       |     2 |    11 ||    13
       Regeneration      |       |       |     2 ||     2
       Animate Dead      |       |       |     1 ||     1
       Borgnjor's Vile C |       |       |     1 ||     1
Evoke: Wand              |       |       |     3 ||     3
  Use: Potion            |     2 |       |     4 ||     6
       Scroll            |       |     2 |     8 ||    10
 Stab: Sleeping          |     2 |     7 |     2 ||    11
       Distracted        |       |       |     1 ||     1
       Invisible         |       |       |     1 ||     1
  Eat: Chunk             |       |       |     4 ||     4
       Ration            |       |       |     1 ||     1
Armor: Robe              |       |     7 |    44 ||    51
Dodge: Dodged            |     4 |    13 |   154 ||   171

Table legend:
 A = Spawn XP
 B = Non-spawn XP
 C = Spawn XP percentage of total XP
 D = Spawn monster count
 E = Non-spawn monster count
 F = Spawn count percentage of total count
 G = Total turns spent on level
                    A         B        C        D         E        F      G
               +---------+---------+-------+---------+---------+-------+---------
         Total |       0 |    1904 |   0.0 |       0 |      88 |   0.0 |  2090
               +---------+---------+-------+---------+---------+-------+---------
           D:1 |       0 |      20 |   0.0 |       0 |      10 |   0.0 |   133
           D:2 |       0 |      58 |   0.0 |       0 |      12 |   0.0 |   422
           D:3 |       0 |      27 |   0.0 |       0 |       6 |   0.0 |   111
           D:4 |       0 |     138 |   0.0 |       0 |       6 |   0.0 |   327
           D:5 |       0 |     731 |   0.0 |       0 |      35 |   0.0 |   409
           D:7 |       0 |     830 |   0.0 |       0 |      18 |   0.0 |   442
           D:8 |       0 |     100 |   0.0 |       0 |       1 |   0.0 |    49
               +---------+---------+-------+---------+---------+-------+---------

Table legend:
 A = Turns spent in this place as a percentage of turns spent in the entire game.
 B = Non-inter-level travel turns spent in this place as a percentage of non-inter-level travel turns spent in the entire game.
 C = Inter-level travel turns spent in this place as a percentage of turns spent in this place.
 D = Turns resting spent in this place as a percentage of non-inter-level travel turns spent in this place.
 E = Turns spent auto-exploring this place as a percentage of non-inter-level travel turns spent in this place.
 F = Non-inter-level travel turns spent in this place divided by the number of levels of this place that you've seen.
                   A       B       C       D       E      F
               +-------+-------+-------+-------+-------+----------------------
         Total | 100.0 | 100.0 |   3.6 |   0.0 |   0.0 | 223.8
       Dungeon |  97.8 |  98.3 |   3.2 |   0.0 |   0.0 | 247.4
        Temple |   2.2 |   1.7 |  23.9 |   0.0 |   0.0 |  35.0
               +-------+-------+-------+-------+-------+----------------------

Table legend:
 A = Kills in this place as a percentage of kills in entire the game.
 B = Kills by you in this place as a percentage of kills by you in the entire game.
 C = Kills by friends in this place as a percentage of kills by friends in the entire game.
 D = Other kills in this place as a percentage of other kills in the entire game.
 E = Experience gained in this place as a percentage of experience gained in the entire game.
 F = Experience gained in this place divided by the number of levels of this place that you have seen.
                   A       B       C       D       E      F
               +-------+-------+-------+-------+-------+----------------------
         Total | 100.0 | 100.0 | 100.0 |   N/A | 100.0 | 211.6
       Dungeon | 100.0 | 100.0 | 100.0 |   N/A | 100.0 | 238.0
               +-------+-------+-------+-------+-------+----------------------

Vault maps used:
D:1:      ldierk_walled_garden_2
D:2:      grunt_temple_overflow_open, trog_three_pillars_becter
D:3:      minitemple, first_ration
D:4:      cheibrodos_quashed, minmay_temple_entry_butterflies,
          kennysheep_another_room, roderic_lattice_a
D:5:      lemuel_ratsnest, nicolae_overflow_crystal_walls, tso_metal_star,
          grunt_dithmenos_smoke, uniq_prince_ribbit1
D:6:      kennysheep_mini_moat
D:7:      grunt_ogre_cave
D:8:      serial_shops, shop_fountains, shop, lightli_corner_chamber
Temple:   eino_temple_water
